 Dungeon Crawl Stone Soup version 0.27-a0-887-gcab673c142 (webtiles) character file.

Game seed: 1332961506461744593

662 jestyr24 the Covered (level 7, -9/61 HPs)
             Began as a Minotaur Fighter on Apr 5, 2021.
             Mangled by a small abomination (16 damage)
             ... on level 2 of the Abyss.
             The game lasted 00:13:27 (3454 turns).

jestyr24 the Covered (Minotaur Fighter)             Turns: 3454, Time: 00:13:27

Health: -9/61      AC:  9    Str: 22    XL:     7   Next: 30%
Magic:  5/5        EV:  9    Int: -1 (5) God:
Gold:   107        SH: 10    Dex: 10    Spells: 6/6 levels left

rFire    . . .     SeeInvis .   a - +0 long sword
rCold    . . .     Faith    .   c - +0 kite shield
rNeg     . . .     Spirit   .   b - +0 scale mail
rPois    .         Reflect  .   (helmet restricted)
rElec    .         Harm     .   (no cloak)
rCorr    .         Rampage  .   (no gloves)
Will     .....                  u - +0 pair of boots
Stlth    ..........             (no amulet)
HPRegen  0.00/turn              (no ring)
MPRegen  0.09/turn              (no ring)

@: unable to read, non-regenerating, diseased, slowed, lost intelligence, very
slow
A: horns 2, retaliatory headbutt, low mp 1, inability to read while threatened
a: no special abilities


You were on level 2 of the Abyss.
You visited 1 branch of the dungeon, and saw 3 of its levels.
You visited the Abyss 1 time.
You also visited: Sewer.

You collected 107 gold pieces.

Inventory:

Hand Weapons
 a - a +0 long sword (weapon)
 r - a +3 vorpal shortbow
 x - a +3 dagger
 D - a +0 long sword
Missiles
 s - 16 arrows
Armour
 b - a +0 scale mail (worn)
 c - a +0 kite shield (worn)
 u - a +0 pair of boots (worn)
Jewellery
 h - a ring of protection from fire
 t - a +4 ring of evasion
Wands
 y - a wand of iceblast (7)
 C - a wand of flame (13)
 E - a wand of mindburst (16)
Scrolls
 f - a scroll of magic mapping {unknown}
 k - 7 scrolls of teleportation {unknown}
 m - 2 scrolls of enchant armour {unknown}
 o - a scroll of noise {unknown}
 q - 3 scrolls of identify {unknown}
 v - a scroll of fear {unknown}
 w - 2 scrolls of silence {unknown}
 A - a scroll of fog {unknown}
Potions
 d - 2 potions of might
 e - 2 potions of flight {unknown}
 g - a potion of degeneration {unknown}
 i - 2 potions of attraction {unknown}
 j - a potion of resistance {unknown}
 l - 3 potions of heal wounds
 n - 2 potions of mutation {unknown}
 p - a potion of ambrosia {unknown}
 z - a potion of haste {unknown}
 B - 3 potions of curing {unknown}
Miscellaneous
 F - a box of beasts


   Skills:
 + Level 5.4 Fighting
 - Level 2.4 Long Blades
 + Level 6.7 Armour
 + Level 2.9 Dodging
 + Level 6.6 Shields


You had 6 spell levels left.
You didn't know any spells.
Your spell library was empty.

Dungeon Overview and Level Annotations

Branches:
Dungeon (3/15)              Sewer (visited)

Altars:
Cheibriados
Makhleb
Qazlal
Lugonu

Portals:
Abyss: D:3


Innate Abilities, Weirdness & Mutations

You have a pair of horns on your head.
You reflexively headbutt those who attack you in melee.
Your magical capacity is low. (-10% MP)
You sometimes lose the ability to read scrolls when taking damage.


Message History

Your headbutt misses the small abomination.
The small abomination hits you but does no damage.
An ancient zyme comes into view.
You feel yourself growing ill in the presence of the ancient zyme.
You block the small abomination's attack.
The neqoxec hits you but does no damage.
You hit the small abomination but do no damage.
Your headbutt misses the small abomination.
You block the small abomination's attack.
The neqoxec gestures at you.
Something tries to feed on your intellect!
You block the small abomination's attack.
You barely miss the small abomination. The small abomination hits you.
You feel ill.
You block the small abomination's attack.
You hit the small abomination but do no damage.
Your headbutt misses the small abomination.
You feel ill. The small abomination hits you!
You feel threatened and lose the ability to read scrolls!
You block the large abomination's attack.
The neqoxec gestures at you.
Something tries to feed on your intellect!
You block the small abomination's attack.
The neqoxec gestures at you.
You feel dopey.
You have lost your intelligence.
Something feeds on your intellect!
You feel ill.
The large abomination barely misses you.
The small abomination hits you!
* * * LOW HITPOINT WARNING * * *
The neqoxec gestures at you.
Something tries to feed on your intellect!
The small abomination hits you!
* * * LOW HITPOINT WARNING * * *
The large abomination hits you.
* * * LOW HITPOINT WARNING * * *
You can move again.
You completely miss the large abomination.
The small abomination hits you!
You die...

# . .## ## .
......### #. ..
#.##...... ..
#.....#. ##.#
######.....###....
..# .....#3x.###
#.## #...xX@..#
#.#.....######.#
#...#....# ..
....#...# # #.. .#
#..## #. .... ##§
...##... . ..# §.
...... # #
#...X#...# §. ....
. . .## ##


You could see an ancient zyme, a large abomination, a neqoxec (fast, agile) and
a small abomination.

Vanquished Creatures
  Grinder (D:3)
  A black bear (D:3)
  A centaur (D:2)
  A scorpion (D:3)
  Ijyb (D:3)
  Natasha (thrice) (D:3)
  2 adders
  5 river rats (Sewer)
  2 worms (D:2)
  2 dart slugs (D:1)
  An orc (D:3)
  3 endoplasms
  5 giant cockroaches
  8 goblins
  2 hobgoblins
  11 jackals
  2 quokkas
  8 ball pythons
  3 bats
  9 frilled lizards
  12 kobolds
  10 rats
93 creatures vanquished.

Notes
Turn   | Place    | Note
-------+----------+-------------------------------------------
     0 | D:1      | jestyr24 the Minotaur Fighter began the quest for the Orb.
     0 | D:1      | Reached XP level 1. HP: 19/19 MP: 0/0
   152 | D:1      | Reached XP level 2. HP: 27/27 MP: 1/1
   808 | D:1      | Reached XP level 3. HP: 29/33 MP: 2/2
  1320 | D:2      | Noticed a centaur
  1329 | D:2      | Killed a centaur
  1330 | D:2      | Reached skill level 5 in Armour
  1330 | D:2      | Reached skill level 1 in Dodging
  1330 | D:2      | Reached XP level 4. HP: 26/41 MP: 3/3
  1528 | D:2      | Reached XP level 5. HP: 41/47 MP: 4/4
  1840 | D:3      | Noticed a black bear
  1846 | D:3      | Killed a black bear
  1847 | D:3      | Reached skill level 5 in Shields
  1853 | D:3      | Reached XP level 6. HP: 32/55 MP: 5/5
  2083 | D:3      | Noticed Ijyb
  2087 | D:3      | Killed Ijyb
  2129 | D:3      | Noticed Natasha
  2135 | D:3      | Killed Natasha
  2139 | D:3      | Noticed Natasha
  2154 | D:3      | Killed Natasha
  2155 | D:3      | Reached skill level 5 in Fighting
  2218 | D:3      | Noticed Natasha
  2269 | D:3      | Found a glowing drain.
  2279 | Sewer    | Entered a sewer
  2846 | D:3      | Killed Natasha
  2935 | D:3      | Found a one-way gate to the infinite horrors of the Abyss.
  2983 | D:3      | Noticed Grinder
  2991 | D:3      | Found a burning altar of Makhleb.
  3001 | D:3      | Found a snail-covered altar of Cheibriados.
  3006 | D:3      | Killed Grinder
  3007 | D:3      | Reached XP level 7. HP: 26/61 MP: 6/6
  3188 | D:3      | Found a stormy altar of Qazlal.
  3226 | D:3      | Found a large runed translucent door.
  3226 | D:3      | Found a large runed translucent door.
  3228 | D:3      | Found a corrupted altar of Lugonu.
  3237 | D:3      | Cast into level 1 of the Abyss (kobold)
  3264 | Abyss:1  | Noticed a large abomination
  3419 | Abyss:2  | Noticed a large abomination
  3420 | Abyss:2  | Noticed a neqoxec
  3423 | Abyss:2  | Noticed a large abomination
  3425 | Abyss:2  | Noticed an apocalypse crab
  3443 | Abyss:2  | Gained mutation: Your magical capacity is low. (-10% MP) [a
                  | neqoxec]
  3443 | Abyss:2  | Gained mutation: You sometimes lose the ability to read
                  | scrolls when taking damage. [a neqoxec]
  3445 | Abyss:2  | Noticed an ancient zyme
  3451 | Abyss:2  | Lost intelligence.
  3454 | Abyss:2  | Mangled by a small abomination

Illustrated notes

Levels and vault maps discovered:
D:1:      scummos_arrival_simple_crosswalls, layout_basic,
          minmay_misc_feat_nine_boxes, minmay_statues_item, minmay_tetromino_i2
D:2:      layout_basic
D:3:      due_chaos_kobolds, layout_loops_ring,
          minmay_overflow_temple_star_quad, gup_sewer_entry_bowl,
          ebering_ghost_rock_garden, uniq_ijyb, uniq_grinder, uniq_natasha,
          uniq_crazy_yiuf_cottage
Abyss:2:  base:
D:1

Skill      XL: |  1  2  3  4  5  6 |
---------------+-------------------+-----
Armour         | 4 5 6 |  6.7
Shields        | 4 5 6 |  6.6
Fighting       | 4 5 |  5.4
Dodging        | 1 2 |  2.9
Long Blades    | |  2.4

Action                   |  1- 3 |  4- 6 |  7- 9 || total
-------------------------+-------+-------+-------++-------
Melee: Long sword        |    90 |   150 |    13 ||   253
       Headbutt          |    16 |    26 |     1 ||    43
  Use: Potion            |       |     1 |       ||     1
Armor: Scale mail        |    77 |    63 |    11 ||   151
Dodge: Dodged            |    36 |    62 |     5 ||   103
Block: Kite shield       |    63 |    94 |    11 ||   168
       Rpst.: Long sword |     6 |    15 |     1 ||    22

Table legend: (Time is in decaauts)
 A = Elapsed time spent in this place.
 B = Non-inter-level travel time spent in this place.
 C = Inter-level travel time spent in this place.
 D = Time resting spent in this place.
 E = Time spent auto-exploring this place.
 F = Levels seen in this place.
 G = Mean time per level.
                   A        B        C        D        E       F      G
               +--------+--------+--------+--------+--------+-----+--------+
         Total |   3639 |   3603 |     36 |    967 |   1347 |   6 |  606.5 |
       Dungeon |   2810 |   2774 |     36 |    857 |   1035 |   3 |  936.7 |
         Abyss |    219 |    219 |      0 |    110 |      0 |   2 |  109.5 |
         Sewer |    609 |    609 |      0 |      0 |    311 |   1 |  609.0 |
               +--------+--------+--------+--------+--------+-----+--------+

Top non-repeatable levels by time:
     D:1: 1125 daAuts
     D:3: 998 daAuts
     D:2: 687 daAuts
   Sewer: 609 daAuts
 Abyss:2: 176 daAuts
 Abyss:1: 43 daAuts
